 Dungeon Crawl Stone Soup version 0.17.0-9-g801d43b (webtiles) character file.

1052 HungrySpirit the Basher (level 8, -7/87 HPs)
             Began as an Ogre Arcane Marksman on Nov 9, 2015.
             Was a Believer of Qazlal.
             Killed from afar by an electric eel (9 damage)
             ... with a bolt of electricity
             ... on level 6 of the Dungeon.
             The game lasted 00:11:41 (7128 turns).

HungrySpirit the Basher (Ogre Arcane Marksman)      Turns: 7128, Time: 00:11:41

Health: -7/87      AC:  3    Str: 19    XL:     8   Next: 26%
Magic:  9/9        EV: 10    Int: 12    God:    Qazlal [**....]
Gold:   180        SH:  2    Dex:  9    Spells: 1 memorised, 8 levels left

rFire  . . .     SeeInvis .     k - +0 flail
rCold  . . .     Clarity  .     c - +0 robe
rNeg   . . .     SustAt   .     (no shield)
rPois  .         Gourm    .     (helmet restricted)
rElec  .         Spirit   .     (no cloak)
rCorr  .         Warding  .     (gloves unavailable)
rMut   .         Stasis   .     (boots unavailable)
MR     .....                    (no amulet)
Stlth  +.........               (no ring)
                                (no ring)

@: not resistant to hostile enchantments, very unstealthy
A: unfitting armour, tough skin 1
a: Upheaval, Renounce Religion


You were on level 6 of the Dungeon.
You worshipped Qazlal.
Qazlal was pleased with you.
You were not hungry.

You visited 1 branch of the dungeon, and saw 6 of its levels.

You collected 180 gold pieces.

Inventory:

Hand Weapons
 b - a +2 dagger of venom
 k - a +0 flail (weapon)
 s - a +0 mace of holy wrath
 u - a +0 giant spiked club
Armour
 c - a +0 robe (worn)
Wands
 t - a wand of lightning (0)
Scrolls
 f - 5 scrolls of remove curse {unknown}
 g - 3 scrolls of identify {unknown}
 h - a scroll of blinking {unknown}
 i - a scroll of noise {unknown}
 j - a scroll of silence {unknown}
 l - 3 scrolls of enchant armour {unknown}
 m - a scroll of fear {unknown}
 p - a scroll of enchant weapon {unknown}
 q - 3 scrolls of teleportation {unknown}
 v - a scroll of random uselessness {unknown}
 w - 2 scrolls of immolation {unknown}
Potions
 n - a potion of haste
 o - a potion of agility {unknown}
 r - a potion of cancellation {unknown}
 z - 2 potions of degeneration {unknown}
Books
 d - a book of Debilitation

   Spells                             Type                      Level
   a - Corona                         Hexes                        1
   b - Slow                           Hexes                        2
   c - Gell's Gravitas                Hexes/Translocation          3
   d - Inner Flame                    Hexes/Fire                   3
   e - Cause Fear                     Hexes                        4
   f - Leda's Liquefaction            Hexes/Earth                  4
Comestibles
 e - 2 bread rations
 x - 2 meat rations


   Skills:
 - Level 7.0 Fighting
 * Level 9.4 Maces & Flails
 + Level 2.6 Throwing
 - Level 1.7 Dodging
 - Level 1.2 Spellcasting
 - Level 2.1 Hexes
 + Level 1.4 Invocations


You had 8 spell levels left.
You knew the following spells:

 Your Spells              Type           Power        Failure   Level  Hunger
a - Corona                Hex            #......      14%         1    ##.....


Dungeon Overview and Level Annotations

Branches:
Dungeon (6/15)
 Temple: D:4-7

Altars:
Qazlal
Ru
The Shining One


Innate Abilities, Weirdness & Mutations

You are too large for most types of armour.
You have tough skin (AC +1).


Message History

The electric eel is moderately wounded.
Evoking this partially-identified wand wasted a few charges.
Unknown command.
The electric eel shoots out a bolt of lightning at you!
The bolt of electricity hits the plant.
The bolt of electricity hits you!
The electric eel shoots out a bolt of lightning at you!
The bolt of electricity hits the plant.
The bolt of electricity hits you!
The electric eel shoots out a bolt of lightning at you!
The bolt of electricity hits the plant. x2
The bolt of electricity hits you!
* * * LOW HITPOINT WARNING * * *
The bolt of electricity hits you!
* * * LOW HITPOINT WARNING * * *
The electric eel shoots out a bolt of lightning at you!
The bolt of electricity hits the plant. x2
The bolt of electricity hits you!
* * * LOW HITPOINT WARNING * * *
The electric eel shoots out a bolt of lightning at you!
The bolt of electricity hits the plant.
The bolt of electricity hits you!
You die...

##########........#.........#
.........'........'.........+
######.##........#..<......#
### #.##........#.........# ..#
#.###.......#.........# ..# #.#
#.......#.........# ..## #.#
#.......#.........#
...######.###########.........#
................@..##.........#
...######......##........≈♣≈♣≈≈
...# ######'##.§..♣♣≈≈♣♣≈≈≈♣
...# #......P≈≈♣≈♣P♣ ≈≈ ...#
#.....≈≈≈≈♣(≈P≈≈ ≈ ...#
#...♣≈(P≈≈≈(≈≈≈≈≈≈ ####
#..≈♣P≈♣PP≈;≈≈≈≈≈≈≈
#.♣≈≈≈≈♣;≈≈≈≈≈≈≈≈≈≈
#.♣♣≈≈≈≈≈P≈≈≈≈≈≈≈≈≈


You could see 2 electric eels.

Vanquished Creatures
  An orc warrior (D:4)
  3 ogres
  A giant frog (D:6)
  A scorpion (D:4)
  2 electric eels (D:6)
  2 hounds (D:4)
  A crimson imp (D:5)
  A wasp zombie (D:4)
  A centaur skeleton (D:5)
  An orc priest (D:4)
  4 iguanas
  A worker ant (D:4)
  An orc wizard (D:3)
  3 gnolls
  6 adders
  2 adder skeletons
  2 adder zombies (D:5)
  4 worms
  4 giant geckos
  12 orcs
  15 bats
  3 giant cockroaches
  4 hobgoblins
  4 jackals (D:2)
  5 kobolds
  2 quokkas (D:3)
  2 ball pythons
  5 giant newts
  5 goblins
  12 rats
110 creatures vanquished.

Vanquished Creatures (others)
  A quokka zombie (D:6)
1 creature vanquished.

Grand Total: 111 creatures vanquished

Notes
Turn   | Place    | Note
--------------------------------------------------------------
     0 | D:1      | HungrySpirit the Ogre Arcane Marksman began the quest for the Orb.
     0 | D:1      | Reached XP level 1. HP: 19/19 MP: 2/2
   244 | D:1      | Reached XP level 2. HP: 23/29 MP: 3/3
   465 | D:1      | Reached skill level 1 in Maces & Flails
   563 | D:1      | Reached skill level 3 in Fighting
   867 | D:2      | Reached XP level 3. HP: 22/37 MP: 4/4
  1358 | D:2      | Found a stormy altar of Qazlal.
  1360 | D:2      | Noticed a water elemental
  1360 | D:2      | Noticed an air elemental
  1362 | D:2      | Noticed an earth elemental
  1362 | D:2      | Noticed a fire elemental
  1432 | D:2      | Became a worshipper of Qazlal Stormbringer
  2441 | D:3      | Reached XP level 4. HP: 32/48 MP: 5/5
  2888 | D:3      | Reached * piety under Qazlal
  3022 | D:3      | Reached skill level 4 in Fighting
  3109 | D:3      | Reached XP level 5. HP: 45/54 MP: 6/6
  4070 | D:4      | Reached skill level 5 in Maces & Flails
  4200 | D:4      | HP: 2/55 [giant gecko (5)]
  4261 | D:4      | Reached XP level 6. HP: 14/65 MP: 7/7
  4388 | D:4      | Reached skill level 5 in Fighting
  4388 | D:4      | Reached skill level 6 in Maces & Flails
  4795 | D:4      | Reached skill level 7 in Maces & Flails
  4795 | D:4      | Reached XP level 7. HP: 72/74 MP: 8/8
  4969 | D:4      | Reached ** piety under Qazlal
  5121 | D:4      | Noticed an ogre
  5443 | D:4      | Killed an ogre
  5461 | D:4      | Reached skill level 8 in Maces & Flails
  5477 | D:4      | HP: 2/76 [orc/dagger of venom (4)]
  5848 | D:5      | Entered Level 5 of the Dungeon
  6162 | D:5      | Found a sacrificial altar of Ru.
  6240 | D:5      | Reached XP level 8. HP: 70/87 MP: 9/9
  6391 | D:5      | Reached skill level 9 in Maces & Flails
  6429 | D:5      | Identified the Incunabulum of Ghastly Summoning
  6591 | D:5      | Found a glowing golden altar of the Shining One.
  6766 | D:6      | Reached skill level 1 in Invocations
  7126 | D:6      | HP: 2/87 [electric eel/bolt of electricity (10)]
  7128 | D:6      | Killed from afar by an electric eel

Action                   |  1- 3 |  4- 6 |  7- 9 || total
-------------------------+-------+-------+-------++-------
Melee: Unarmed           |    18 |       |       ||    18
       Club              |    98 |       |       ||    98
       Flail             |    91 |   147 |    76 ||   314
Throw: Large rock        |    13 |    20 |    36 ||    69
       Throwing net      |     1 |     4 |     2 ||     7
Evoke: Wand              |       |       |     3 ||     3
  Use: Potion            |       |       |     4 ||     4
 Stab: Sleeping          |     1 |       |       ||     1
       Held in net/web   |       |     1 |     1 ||     2
  Eat: Chunk             |     2 |     6 |     7 ||    15
       Meat ration       |     1 |       |       ||     1
